 Dungeon Crawl Stone Soup version 0.18.1-6-gd335043 (webtiles) character file.

119 Moloch the Chopper (level 4, -3/35 HPs)
             Began as a Demonspawn Fighter on May 16, 2016.
             Slain by Sigmund
             ... wielding a +0 scythe
              (6 damage)
             ... on level 3 of the Dungeon.
             The game lasted 00:02:43 (2391 turns).

Moloch the Chopper (Demonspawn Fighter)             Turns: 2391, Time: 00:02:44

Health: -3/35      AC: 10    Str: 17    XL:     4   Next: 73%
Magic:  4/4        EV:  6    Int:  7    God:
Gold:   145        SH:  8    Dex: 13    Spells: 0 memorised, 3 levels left

rFire  . . .     SeeInvis .     a - +0 war axe
rCold  . . .     Gourm    .     b - +0 scale mail
rNeg   . . .     Faith    .     c - +0 shield
rPois  .         Spirit   .     (helmet restricted)
rElec  .         Dismiss  .     (no cloak)
rCorr  .         Reflect  .     i - +2 pair of gloves {archery}
SustAt .         Harm     .     q - +0 pair of boots
MR     .....                    (no amulet)
Stlth  +.........               (no ring)
                                h - -2 ring of intelligence (curse)

@: not resistant to hostile enchantments, very unstealthy
A: antennae 1, nightstalker 1
a: no special abilities


You were on level 3 of the Dungeon.
You were not hungry.

You visited 1 branch of the dungeon, and saw 3 of its levels.

You collected 145 gold pieces.

Inventory:

Hand Weapons
 a - a +0 war axe (weapon)
Missiles
 l - 2 tomahawks (quivered)
Armour
 b - a +0 scale mail (worn)
 c - a +0 shield (worn)
 i - a +2 pair of gloves of archery (worn)
 q - a +0 pair of boots (worn)
Jewellery
 h - a cursed -2 ring of intelligence (left hand)
Wands
 p - a wand of confusion (40/48)
Scrolls
 g - 4 scrolls of identify {unknown}
 o - a scroll of random uselessness {unknown}
 s - a scroll of remove curse {unknown}
 w - a scroll of blinking {unknown}
Potions
 d - a potion of might
 e - a potion of degeneration {unknown}
 j - 2 potions of magic {unknown}
 k - 2 potions of curing {unknown}
 m - a potion of heal wounds {unknown}
 r - a potion of lignification {unknown}
 t - a potion of flight {unknown}
 u - a potion of agility {unknown}
 v - a potion of berserk rage {unknown}
Comestibles
 f - 3 bread rations
 n - 4 fruits


   Skills:
 - Level 3.0 Fighting
 + Level 4.5 Axes
 - Level 2.6 Armour
 - Level 2.6 Shields


You had 3 spell levels left.
You didn't know any spells.

Dungeon Overview and Level Annotations

Branches:
Dungeon (3/15)

Altars:
Qazlal

Annotations:
D:3 Sigmund


Innate Abilities, Weirdness & Mutations

You have a pair of small antennae on your head.
You are slightly more attuned to the shadows.


Message History

The orc is heavily wounded.
The orc barely misses you. Something hits you!
* * * LOW HITPOINT WARNING * * *
You hit the orc.
You kill the orc!
You hear some strange, mumbled words.
A magic dart appears from out of thin air!
The magic dart hits you!
* * * LOW HITPOINT WARNING * * *
Things that are here:
a hand axe; a ring mail; an orc corpse You closely miss something.
You block something's attack.
Your shield prevents you from hitting something.
Something hits you.
* * * LOW HITPOINT WARNING * * *
You hit something. Something hits you but does no damage.
You miss something. You block something's attack.
Your shield and scale mail prevent you from hitting something.
Something hits you.
You die...

.........# #.....#....
..(......####.....#....
...................##..
.......##..........##..
####...##...........#..
#..)##.........#.#..
#...##.........#....
#...#############...
#..@'..... #...
#..{###### #.>. #...#
#### ##... ####


There were no monsters in sight!

Vanquished Creatures
  An orc priest (D:3)
  4 adders
  A dart slug (D:1)
  A giant gecko (D:2)
  4 orcs (D:3)
  2 ball pythons
  5 bats
  A giant cockroach (D:2)
  5 hobgoblins
  11 kobolds
  5 giant newts
  2 goblins
  6 rats
48 creatures vanquished.

Notes
Turn   | Place    | Note
--------------------------------------------------------------
     0 | D:1      | Moloch the Demonspawn Fighter began the quest for the Orb.
     0 | D:1      | Reached XP level 1. HP: 18/18 MP: 1/1
    36 | D:1      | Reached skill level 2 in Axes
   213 | D:1      | Gained mutation: You have a pair of small antennae on your head. [demonic ancestry]
   213 | D:1      | Reached XP level 2. HP: 24/24 MP: 2/2
   602 | D:2      | Reached skill level 3 in Axes
   610 | D:2      | Gained mutation: You are slightly more attuned to the shadows. [demonic ancestry]
   610 | D:2      | Reached XP level 3. HP: 23/29 MP: 3/3
  1363 | D:2      | Found a stormy altar of Qazlal.
  1682 | D:3      | Reached XP level 4. HP: 21/35 MP: 4/4
  1918 | D:3      | Reached skill level 4 in Axes
  2377 | D:3      | Noticed Sigmund
  2391 | D:3      | Slain by Sigmund

Skill      XL: |  1  2  3  4 |
---------------+-------------+-----
Axes           | 2 3 4 |  4.5
Fighting       | |  3.0
Armour         | |  2.6
Shields        | |  2.6

Action                   |  1- 3 |  4- 6 || total
-------------------------+-------+-------++-------
Melee: War axe           |   139 |    68 ||   207
Throw: Tomahawk          |     2 |       ||     2
  Eat: Chunk             |     3 |     2 ||     5
Armor: Scale mail        |    86 |    31 ||   117
Dodge: Dodged            |    28 |    23 ||    51
Block: Shield            |    76 |    32 ||   108
